 Dungeon Crawl Stone Soup version 0.19.0-19-g8c6edcc (webtiles) character file.

113 Mysteryquy the Chopper (level 4, 0/40 HPs)
             Began as a Minotaur Fighter on Nov 12, 2016.
             Killed by nerve-wracking pain
             ... invoked by Grinder
              (12 damage)
             ... on level 3 of the Dungeon.
             The game lasted 00:03:31 (1900 turns).

Mysteryquy the Chopper (Minotaur Fighter)           Turns: 1900, Time: 00:03:32

Health: 0/40       AC:  8    Str: 22    XL:     4   Next: 65%
Magic:  3/3        EV:  7    Int:  5    God:
Gold:   141        SH:  9    Dex:  9    Spells: 0 memorised, 3 levels left

rFire  . . .     SeeInvis .     a - +0 war axe
rCold  . . .     Gourm    .     b - +0 scale mail
rNeg   . . .     Faith    .     c - +0 shield
rPois  .         Spirit   .     (helmet restricted)
rElec  .         Reflect  .     (no cloak)
rCorr  .         Harm     .     (no gloves)
MR     .....                    h - +0 pair of boots
Stlth  ..........               (no amulet)
                                (no ring)
                                (no ring)

@: no status effects
A: retaliatory headbutt, horns 2
a: no special abilities


You were on level 3 of the Dungeon.
You were very hungry.

You visited 1 branch of the dungeon, and saw 3 of its levels.

You collected 141 gold pieces.

Inventory:

Hand Weapons
 a - a +0 war axe (weapon)
Armour
 b - a +0 scale mail (worn)
 c - a +0 shield (worn)
 h - a +0 pair of boots (worn)
Jewellery
 l - a +1 ring of protection {unknown}
Scrolls
 g - a scroll of blinking {unknown}
 j - 2 scrolls of identify {unknown}
 o - a scroll of enchant armour {unknown}
 q - a scroll of magic mapping {unknown}
Potions
 d - a potion of might
 e - 2 potions of cure mutation {unknown}
 k - a potion of heal wounds {unknown}
 m - a potion of degeneration {unknown}
 n - a potion of flight {unknown}
 p - a potion of agility {unknown}
Comestibles
 f - 5 bread rations
 i - a beef jerky


   Skills:
 - Level 4.0 Fighting
 + Level 4.8 Axes
 - Level 4.1 Armour
 - Level 0.7 Dodging
 - Level 4.1 Shields


You had 3 spell levels left.
You didn't know any spells.

Dungeon Overview and Level Annotations

Branches:
Dungeon (3/15)

Altars:

Annotations:
D:3 Grinder


Innate Abilities, Weirdness & Mutations

You reflexively headbutt those who attack you in melee.
You have a pair of horns on your head.


Message History

Grinder is moderately wounded.
You block Grinder's attack. Grinder gestures at you.
You suddenly lose the ability to move!
Grinder gestures at you.
You barely resist. Grinder hits you.
You writhe in agony.
Grinder hits you but does no damage.
You can move again.
You hit Grinder. You headbutt Grinder.
Grinder is heavily wounded.
You block Grinder's attack.
Unknown command.
You closely miss Grinder. Your headbutt misses Grinder.
Grinder is heavily wounded.
Grinder hits you.
You writhe in agony.
* * * LOW HITPOINT WARNING * * *
Grinder gestures at you. Pain shoots through your body!
You die...

#......(# #.#
#.......# #.#
#.......# #.#
###.......# #.#
#.......### #.#
#.################.#
#.#................#
#.#.##############.#
#.#......!@5...# ###
#.############.# #.#
#.# #.# #.# #####
#.# #...#
##.######## #.#.#
#.........# #.#.#


You could see Grinder.

Vanquished Creatures
  Robin (D:3)
  An adder (D:2)
  An ooze (D:3)
  2 worms (D:2)
  3 dart slugs
  4 leopard geckos
  2 giant cockroaches (D:2)
  17 goblins
  11 hobgoblins
  6 kobolds
  2 quokkas (D:2)
  9 bats
  3 frilled lizards
  5 rats
67 creatures vanquished.

Notes
Turn   | Place    | Note
-------+----------+-------------------------------------------
     0 | D:1      | Mysteryquy the Minotaur Fighter began the quest for the Orb.
     0 | D:1      | Reached XP level 1. HP: 19/19 MP: 0/0
   183 | D:1      | Reached XP level 2. HP: 20/27 MP: 1/1
   445 | D:1      | Reached XP level 3. HP: 33/33 MP: 2/2
   944 | D:2      | Reached XP level 4. HP: 38/40 MP: 3/3
  1688 | D:3      | Noticed Robin
  1697 | D:3      | Killed Robin
  1879 | D:3      | Noticed Grinder
  1895 | D:3      | Paralysed by Grinder for 4 turns
  1900 | D:3      | Killed from afar by Grinder

Skill      XL: |  1  2  3  4 |
---------------+-------------+-----
Armour         | 4 |  4.1
Shields        | 4 |  4.1
Fighting       | 4 |  4.0
Axes           | 3 4 |  4.8
Dodging        | |  0.7

Action                   |  1- 3 |  4- 6 || total
-------------------------+-------+-------++-------
Melee: War axe           |   103 |    65 ||   168
       Headbutt          |    19 |    11 ||    30
  Eat: Chunk             |       |     2 ||     2
Armor: Scale mail        |    42 |    20 ||    62
Dodge: Dodged            |    36 |    20 ||    56
Block: Shield            |    41 |    28 ||    69
